 Dungeon Crawl Stone Soup version 0.27-a0-1513-g2aaa0cc67b (console) character file.

Game seed: 5745399690239451568

681 jejorda2 the Spear-Bearer (level 7, -4/50 HPs)
             Began as a Merfolk Berserker on July 10, 2021.
             Was an Elder of Trog.
             Succumbed to a water moccasin's poison
             ... on level 6 of the Dungeon.
             The game lasted 00:08:51 (4753 turns).

jejorda2 the Spear-Bearer (Merfolk Berserker)       Turns: 4753, Time: 00:08:51

Health: -4/50      AC: 10    Str: 19    XL:     7   Next: 61%
Magic:  7/7        EV: 10    Int: 10    God:    Trog [****..]
Gold:   240        SH:  0    Dex: 13    Spells: 6/6 levels left

rFire    . . .     SeeInvis +   a - +0 trident
rCold    . . .     Faith    .   (no shield)
rNeg     . . .     Spirit   .   m - +0 scale mail
rPois    .         Reflect  .   v - +0 helmet {Int+3}
rElec    .         Harm     .   (no cloak)
rCorr    .         Rampage  .   b - +1 pair of gloves
Will     .....                  (no boots)
Stlth    +.........             (no amulet)
HPRegen  0.16/turn              g - ring of see invisible
MPRegen  0.10/turn              (no ring)

@: brilliant, lethally poisoned (-4 -> -29)
A: (nimble swimmer 2), mertail, camouflage 1, frail 1
a: Renounce Religion, Berserk, Trog's Hand, Brothers in Arms


You were on level 6 of the Dungeon.
You worshipped Trog.
Trog was greatly pleased with you.
You visited 1 branch of the dungeon, and saw 6 of its levels.
You also visited: Ossuary.

You collected 240 gold pieces.

Inventory:

Hand Weapons
 a - a +0 trident (weapon)
Missiles
 d - 8 boomerangs (quivered)
 t - a throwing net
Armour
 b - a +1 pair of gloves (worn)
 m - a +0 scale mail (worn)
 v - a +0 helmet of intelligence (worn)
Jewellery
 g - a ring of see invisible (left hand)
 k - a +4 ring of evasion
Scrolls
 c - a scroll of summoning
 h - 3 scrolls of noise {unknown}
 i - 9 scrolls of identify {unknown}
 n - a scroll of enchant armour {unknown}
 o - a scroll of torment {unknown}
 p - a scroll of immolation {unknown}
 s - 2 scrolls of teleportation
 u - a scroll of fog {unknown}
Potions
 f - a potion of brilliance
 j - 2 potions of curing {unknown}
 l - 2 potions of degeneration {unknown}
 q - a potion of lignification {unknown}
 r - a potion of haste {unknown}


   Skills:
 + Level 5.5 Fighting
 * Level 9.3 Polearms
 + Level 3.2 Armour
 - Level 2.6 Dodging


You had 6 spell levels left.
You didn't know any spells.
Your spell library was empty.

Dungeon Overview and Level Annotations

Branches:
Dungeon (7/15)            Ossuary (visited)
 Temple: D:4-7

Altars:
Trog
Yredelemnul


Innate Abilities, Weirdness & Mutations

((You are quick and stealthy near water. (Stealth+, EV+, Speed+++)))
Your lower body shifts to a powerful aquatic tail in water.
Your skin changes colour to match your surroundings (Stealth+).
You are frail. (-10% HP)


Message History

The water moccasin bites you but does no damage.
You hit the water moccasin.
The water moccasin is moderately wounded.
You feel sick.
The water moccasin bites you but does no damage.
You puncture the water moccasin!
The water moccasin is heavily wounded.
The water moccasin bites you.
You are more poisoned.
The water moccasin poisons you!
You are too injured to fight recklessly!
You are too injured to fight recklessly!
You are too injured to fight recklessly!
You are too injured to fight recklessly!
You are too injured to fight recklessly!
You closely miss the water moccasin.
The water moccasin is heavily wounded.
You feel very sick. The water moccasin bites you.
You are lethally poisoned!
The water moccasin poisons you!
You hit the water moccasin.
The water moccasin is severely wounded.
* * * LOW HITPOINT WARNING * * *
You feel very sick. The water moccasin bites you.
* * * LOW HITPOINT WARNING * * *
The water moccasin bites you.
* * * LOW HITPOINT WARNING * * *
You are more poisoned.
The water moccasin poisons you!
It was a potion of brilliance.
You feel clever all of a sudden.
* * * LOW HITPOINT WARNING * * *
You feel extremely sick. The water moccasin closely misses you.
It was a potion of mutation.
You feel extremely strange.
You feel frail.
Your skin functions as natural camouflage.
You die...

# *.##.#...#.###.#.......*
# *.......#.#.#.#.#.####.*
# *.......*#.#(#.##.# *,*
########.......*##.#.##*.#
***
.......#.......##.#.#.#*,#
######.#...<...#.#.#)#.#,*
# #.#........#:###.#..* #
#.#.##.###..#####..## #
#.#,*#.....@S......# #
#.#,*##########..#.# #
#.#,,,,,,,,,,,,,,#.# #
#.#************,**,# # #.#
######## *,**,* # #.#
#.....(# *,**,* # #.#
#......# *,**,* # #.#
#......# *,**,* # #.#
#......# *,**,*


You could see a water moccasin.

Vanquished Creatures
  A black bear (D:6)
  An ice beast (D:6)
  2 ogres (D:6)
  2 centaur skeletons (D:6)
  A gnoll shaman (D:6)
  A mummy (Ossuary)
  A hound skeleton (D:3)
  2 adders
  4 gnolls (D:6)
  An ufetubus (D:6)
  2 adder skeletons
  5 worms
  3 dart slugs
  5 orcs (D:3)
  A spectral bat (Ossuary)
  5 endoplasms
  6 giant cockroaches
  12 gnoll zombies (Ossuary)
  6 goblins
  8 hobgoblins
  9 jackals
  4 quokkas
  6 ball pythons
  7 bats
  3 bat simulacra (Ossuary)
  3 frilled lizards
  6 goblin simulacra (Ossuary)
  2 goblin zombies (Ossuary)
  6 hobgoblin zombies (Ossuary)
  2 kobolds
  2 kobold simulacra (Ossuary)
  6 kobold zombies (Ossuary)
  4 orc zombies (Ossuary)
  9 rats
  3 spectral goblins (Ossuary)
  4 spectral kobolds (Ossuary)
  A spectral rat (Ossuary)
146 creatures vanquished.

Notes
Turn   | Place    | Note
-------+----------+-------------------------------------------
     0 | D:1      | jejorda2 the Merfolk Berserker began the quest for the Orb.
     0 | D:1      | Reached XP level 1. HP: 18/18 MP: 1/1
     1 | D:1      | Found a runed translucent door.
    58 | D:1      | Reached XP level 2. HP: 24/24 MP: 2/2
   175 | D:1      | Reached skill level 5 in Polearms
   346 | D:1      | Reached XP level 3. HP: 12/29 MP: 3/3
   541 | D:1      | Reached ** piety under Trog
   830 | D:1      | Found a faded altar of an unknown god.
   836 | D:1      | Noticed an eye of devastation
   837 | D:1      | Noticed a great orb of eyes
   840 | D:1      | Noticed a golden eye
   840 | D:1      | Noticed a shining eye
  1626 | D:2      | Reached XP level 4. HP: 23/37 MP: 4/4
  1936 | D:2      | Reached skill level 6 in Polearms
  2852 | D:3      | Reached *** piety under Trog
  3027 | D:3      | Reached XP level 5. HP: 42/42 MP: 5/5
  3242 | D:4      | Identified a scroll of acquirement
  3242 | D:4      | Acquired a manual of Fighting
  3252 | D:4      | Found a basalt altar of Yredelemnul.
  3286 | D:4      | Found a glowing drain.
  3417 | D:4      | You fall into a shaft and drop 3 floors!
  3494 | D:6      | Found a bloodstained altar of Trog.
  3521 | D:6      | Found a sand-covered staircase.
  3525 | Ossuary  | Entered an ossuary
  3653 | Ossuary  | Reached **** piety under Trog
  3757 | Ossuary  | Reached skill level 7 in Polearms
  4195 | D:6      | Reached XP level 6. HP: 47/49 MP: 6/6
  4294 | D:6      | Noticed an ice beast
  4304 | D:6      | Killed an ice beast
  4305 | D:6      | Reached skill level 8 in Polearms
  4663 | D:6      | Reached skill level 5 in Fighting
  4663 | D:6      | Reached XP level 7. HP: 56/56 MP: 7/7
  4699 | D:6      | Reached skill level 9 in Polearms
  4752 | D:6      | HP: 2/56 [poisoned by a water moccasin]
  4753 | D:6      | Gained mutation: You are frail. (-10% HP) [potion of
                  | mutation]
  4753 | D:6      | Gained mutation: Your skin changes colour to match your
                  | surroundings (Stealth+). [potion of mutation]
  4753 | D:6      | Succumbed to a water moccasin's poison

Illustrated notes

Levels and vault maps discovered:
D:1:      dpeg_arrival_caged_fury, layout_basic,
          hellmonk_ecumenical_altar_watching_god
D:2:      layout_basic
D:3:      layout_rooms, patterned_corridor
D:4:      layout_layer_cave, mainiacjoe_overflow_alcove_2,
          cheibrodos_sewer_entry_sluice
D:6:      layout_basic, bloody_trog, nicolae_ossuary_entry_plus, minmay_circle_x
D:7:      layout_basic, kennysheep_little_box, grunt_dithmenos_smoke,
          uniq_joseph

Skill      XL: |  1  2  3  4  5  6  7 |
---------------+----------------------+-----
Polearms       | 5 6 7 8 9 |  9.3
Fighting       | 4 5 |  5.5
Armour         | 2 3 |  3.2
Dodging        | |  2.6

Action                   |  1- 3 |  4- 6 |  7- 9 || total
-------------------------+-------+-------+-------++-------
Melee: Spear             |   148 |    82 |       ||   230
       Trident           |       |   272 |    29 ||   301
       Tailslap          |       |     2 |       ||     2
Throw: Boomerang         |       |     2 |     1 ||     3
Invok: Berserk           |     1 |     4 |       ||     5
  Use: Scroll            |       |     8 |       ||     8
       Potion            |       |       |     2 ||     2
 Stab: Distracted        |     1 |       |       ||     1
       Sleeping          |     3 |       |       ||     3
Armor: Animal skin       |    12 |     2 |       ||    14
       Leather armour    |       |     9 |       ||     9
       Scale mail        |       |    85 |    11 ||    96
Dodge: Dodged            |    65 |   124 |    13 ||   202

Table legend: (Time is in decaauts)
 A = Elapsed time spent in this place.
 B = Non-inter-level travel time spent in this place.
 C = Inter-level travel time spent in this place.
 D = Time resting spent in this place.
 E = Time spent auto-exploring this place.
 F = Levels seen in this place.
 G = Mean time per level.
                   A        B        C        D        E       F      G
               +--------+--------+--------+--------+--------+-----+--------+
         Total |   4741 |   4569 |    172 |    496 |   3140 |   7 |  677.3 |
       Dungeon |   4124 |   3952 |    172 |    371 |   2885 |   6 |  687.3 |
       Ossuary |    616 |    616 |      0 |    125 |    255 |   1 |  616.0 |
               +--------+--------+--------+--------+--------+-----+--------+

Top non-repeatable levels by time:
     D:2: 1244 daAuts
     D:1: 1197 daAuts
     D:3: 768 daAuts
     D:6: 704 daAuts
 Ossuary: 616 daAuts
     D:4: 177 daAuts
     D:7: 33 daAuts
